 Dungeon Crawl Stone Soup version 0.27-a0-1548-gf8a67e7463 (webtiles) character file.

Game seed: 5887214818014165631

107 BorisBritva the Ruffian (level 4, 0/29 HPs)
             Began as a Gargoyle Monk on July 13, 2021.
             Was a Priest of Qazlal.
             Slain by a gnoll (2 damage)
             ... on level 2 of the Dungeon.
             The game lasted 00:05:29 (2152 turns).

BorisBritva the Ruffian (Gargoyle Monk)             Turns: 2152, Time: 00:05:30

Health: 0/29       AC: 11    Str: 15    XL:     4   Next: 86%
Magic:  4/4        EV: 11    Int: 17    God:    Qazlal [***...]
Gold:   98         SH:  4    Dex: 12    Spells: 3/3 levels left

rFire    . . .     SeeInvis .     - Unarmed
rCold    . . .     Faith    .   (no shield)
rNeg     + . .     Spirit   .   l - +0 ring mail
rPois    ∞         Reflect  .   (no helmet)
rElec    +         Harm     .   (no cloak)
rCorr    .         Rampage  .   f - +1 pair of gloves
Will     .....                  (no boots)
Stlth    +.........             (no amulet)
HPRegen  0.09/turn              c - +6 ring of intelligence
MPRegen  0.09/turn              (no ring)

@: no status effects
A: sickness immunity, AC +3, negative energy resistance 1, electricity
resistance, torment resistance 1, petrification resistance
a: Renounce Religion, Upheaval, Elemental Force


You were on level 2 of the Dungeon.
You worshipped Qazlal.
Qazlal was most pleased with you.
You visited 1 branch of the dungeon, and saw 2 of its levels.

You collected 98 gold pieces.

Inventory:

Armour
 f - a +1 pair of gloves (worn)
 l - a +0 ring mail (worn)
Jewellery
 c - a +6 ring of intelligence (left hand)
Scrolls
 a - a scroll of teleportation {unknown}
 b - a scroll of noise {unknown}
 d - a scroll of amnesia {unknown}
 i - 2 scrolls of enchant armour
 j - a scroll of identify {unknown}
 k - a scroll of summoning {unknown}
Potions
 e - 3 potions of curing {unknown}
 g - a potion of might {unknown}
 h - a potion of ambrosia {unknown}


   Skills:
 + Level 3.8 Fighting
 * Level 2.1 Armour
 - Level 2.4 Dodging
 - Level 2.1 Stealth
 + Level 0.6 Shields
 + Level 4.4 Unarmed Combat


You had 3 spell levels left.
You didn't know any spells.
Your spell library was empty.

Dungeon Overview and Level Annotations

Branches:
Dungeon (2/15)

Altars:
Qazlal


Innate Abilities, Weirdness & Mutations

You are immune to sickness and miasma.
Your stone body is resilient. (AC +3)
You are immune to poison.
You resist negative energy. (rN+)
You are resistant to electric shocks. (rElec)
You are resistant to unholy torment.
You are immune to petrification.


Message History

You hit the jackal but do no damage. The jackal barely misses you.
You barely miss the jackal. The jackal barely misses you.
You block the jackal's attack.
You hit the jackal.
The jackal is severely wounded.
The jackal barely misses you.
You completely miss the jackal.
The jackal is severely wounded.
You block the jackal's attack.
You hit the jackal.
You kill the jackal!
Qazlal accepts your kill.
You hit the gnoll.
The gnoll is lightly wounded.
The gnoll hits you with a +0 whip.
You hit the gnoll but do no damage.
The gnoll is lightly wounded.
You block the gnoll's attack.
You hit the gnoll.
The gnoll is severely wounded.
The gnoll hits you with a +0 whip.
* * * LOW HITPOINT WARNING * * *
You hit the gnoll.
The gnoll is severely wounded.
The gnoll hits you with a +0 whip.
* * * LOW HITPOINT WARNING * * *
You hit the gnoll.
The gnoll is almost dead.
You block the gnoll's attack.
You hit the gnoll.
The gnoll is almost dead.
The gnoll closely misses you.
You closely miss the gnoll.
The gnoll is almost dead.
The gnoll hits you with a +0 whip.
* * * LOW HITPOINT WARNING * * *
You hit the gnoll but do no damage.
The gnoll is almost dead.
The gnoll hits you with a +0 whip.
You die...

## .....# .# .....# .#
....# ######## ....#
.......# #...# .......#
#########...### .......#
#....##.......#
.......#####....##g##.##.#
................@gl..>#
.######.#############....#
..# #.# ##### #.## #.#####
#..####.....#
......#.....#
......#.....######
......#...........
..>...#...........


You could see 2 gnolls and a frilled lizard.

Vanquished Creatures
  2 gnolls (D:2)
  2 adders (D:2)
  A worm (D:2)
  2 dart slugs
  6 ball pythons
  13 bats
  An endoplasm (D:2)
  5 giant cockroaches
  4 goblins
  4 hobgoblins
  10 jackals
  2 quokkas (D:1)
  2 frilled lizards (D:1)
  4 kobolds (D:1)
  2 rats (D:1)
60 creatures vanquished.

Notes
Turn   | Place    | Note
-------+----------+-------------------------------------------
     0 | D:1      | BorisBritva the Gargoyle Monk began the quest for the Orb.
     0 | D:1      | Reached XP level 1. HP: 14/14 MP: 1/1
   158 | D:1      | Reached XP level 2. HP: 12/19 MP: 2/2
   498 | D:1      | Reached skill level 1 in Armour
   686 | D:1      | Found a faded altar of an unknown god.
   717 | D:1      | Became a worshipper of Qazlal Stormbringer
   717 | D:1      | Reached * piety under Qazlal
   717 | D:1      | Reached ** piety under Qazlal
  1008 | D:1      | Reached XP level 3. HP: 19/24 MP: 3/3
  1135 | D:1      | Reached *** piety under Qazlal
  1795 | D:2      | Reached XP level 4. HP: 29/29 MP: 4/4
  1802 | D:2      | Reached skill level 4 in Unarmed Combat
  2152 | D:2      | Slain by a gnoll

Illustrated notes

Levels and vault maps discovered:
D:1:      moated_graveyard_arrival, layout_loops_cross,
          hellmonk_ecumenical_altar_pennies_from_heaven
D:2:      layout_basic, hex_tiny, minmay_tall_x, uniq_crazy_yiuf_cottage

Skill      XL: |  1  2  3  4 |
---------------+-------------+-----
Armour         | 1 2 |  2.1
Unarmed Combat | 4 |  4.4
Fighting       | |  3.8
Dodging        | |  2.4
Stealth        | |  2.1
Shields        | |  0.6

Action                   |  1- 3 |  4- 6 || total
-------------------------+-------+-------++-------
Melee: Unarmed           |   169 |    89 ||   258
  Use: Scroll            |       |     1 ||     1
Armor: Robe              |    63 |    18 ||    81
       Ring mail         |       |    16 ||    16
Dodge: Dodged            |   111 |    46 ||   157
Block: Other             |    17 |    22 ||    39

Table legend: (Time is in decaauts)
 A = Elapsed time spent in this place.
 B = Non-inter-level travel time spent in this place.
 C = Inter-level travel time spent in this place.
 D = Time resting spent in this place.
 E = Time spent auto-exploring this place.
 F = Levels seen in this place.
 G = Mean time per level.
                   A        B        C        D        E       F      G
               +--------+--------+--------+--------+--------+-----+--------+
         Total |   2138 |   2132 |      6 |      0 |   1710 |   2 | 1069.0 |
       Dungeon |   2138 |   2132 |      6 |      0 |   1710 |   2 | 1069.0 |
               +--------+--------+--------+--------+--------+-----+--------+

Top non-repeatable levels by time:
     D:1: 1544 daAuts
     D:2: 593 daAuts
